 Dungeon Crawl Stone Soup version 0.30-a0-568-g124715a40b (webtiles) character file.

Game seed: 5813252863793582363

91 arthad the Digger (level 4, -10/24 HPs)
             Began as a Gargoyle Earth Elementalist on Dec 29, 2022.
             Mangled by a gnoll
             ... wielding a +0 halberd
              (15 damage)
             ... on level 3 of the Dungeon.
             The game lasted 00:03:23 (1842 turns).

arthad the Digger (Gargoyle Earth Elementalist)     Turns: 1842, Time: 00:03:24

Health: -10/24     AC:  5    Str: 12    XL:     4   Next: 59%
Magic:  0/7        EV: 12    Int: 17    God:
Gold:   87         SH:  0    Dex: 10    Spells: 3/8 levels left

rFire   . . .      SeeInvis .    (no weapon)
rCold   . . .      Faith    .    (no shield)
rNeg    + . .      Spirit   .    a - +0 robe
rPois   ∞          Reflect  .    (no helmet)
rElec   +          Harm     .    (no cloak)
rCorr   .          Rampage  .    (no gloves)
Will    .....                    (no boots)
Stlth   ++                       (no amulet)
HPRegen 0.24/turn                (no ring)
MPRegen 0.10/turn                (no ring)

@: no status effects
A: sickness immunity, AC +3, negative energy resistance 1, electricity
resistance, torment resistance 1, petrification resistance
a: no special abilities


You were on level 3 of the Dungeon.
You visited 1 branch of the dungeon, and saw 3 of its levels.

You collected 87 gold pieces.

Inventory:

Armour
 a - a +0 robe (worn)
Scrolls
 c - 3 scrolls of identify {unknown}
 d - 4 scrolls of immolation {unknown}
 g - a scroll of amnesia {unknown}
 h - a scroll of fog {unknown}
 j - a scroll of fear {unknown}
Potions
 b - a potion of magic
 e - a potion of attraction {unknown}
 f - 2 potions of heal wounds {unknown}
 i - a potion of brilliance {unknown}
 k - a potion of haste {unknown}
 l - a potion of mutation {unknown}


   Skills:
 + Level 0.5 Fighting
 + Level 2.0 Dodging
 * Level 2.8 Stealth
 * Level 2.6 Spellcasting
 * Level 1.2 Conjurations
 + Level 1.0 Transmutations
 * Level 1.1 Fire Magic
 * Level 4.3 Earth Magic


You had 3 spell levels left.
You knew the following spells:

 Your Spells              Type           Power      Damage    Failure   Level
a - Sandblast             Erth           32%        2d9       3%          1
b - Foxfire               Conj/Fire      24%        2x1d5     11%         1
c - Stone Arrow           Conj/Erth      22%        3d8       19%         3

Your spell library contained the following spells:

 Spells                   Type           Power      Damage    Failure   Level
 Passwall                 Tmut/Erth      9%         N/A       9%          2
 Petrify                  Tmut/Erth      11%        N/A       52%         4
 Fireball                 Conj/Fire      3%         3d4       97%         5
 Irradiate                Conj/Tmut      3%         3d12      97%         5
 Starburst                Conj/Fire      3%         6d3       100%        6
 Sublimation of Blood     Necr           Unusable   N/A       N/A         2

Dungeon Overview and Level Annotations

Branches:
Dungeon (3/15)

Altars:

Shops:
D:1 [


Innate Abilities, Weirdness & Mutations

You are immune to sickness and miasma.
Your stone body is resilient. (AC +3)
You are immune to poison.
You resist negative energy. (rN+)
You are resistant to electric shocks. (rElec)
You are resistant to unholy torment.
You are immune to petrification.


Message History

The blast of sand hits the gnoll.
The gnoll is heavily wounded.
The blast of sand hits the gnoll.
The gnoll is severely wounded.
The gnoll hits you with a +0 whip. The gnoll hits you but does no damage.
The blast of sand hits the gnoll.
The gnoll is almost dead.
A gnoll comes into view. It is wielding a +0 flail.
The gnoll hits you with a +0 whip.
The blast of sand hits the gnoll.
You kill the gnoll!
The gnoll shouts!
You hear a shout! x2
The blast of sand hits the gnoll!
The gnoll is heavily wounded.
The blast of sand hits the gnoll!
You kill the gnoll!
Your Dodging skill increases to level 2!
You can't see any susceptible monsters within range! (Use Z to cast anyway.)
Things that are here:
a +0 flail; a +0 whip; a gnoll corpse A gnoll comes into view.
It is wielding a +0 halberd.
The blast of sand hits the gnoll!
The gnoll is heavily wounded.
You are out of magic!
You are out of magic!
You are out of magic!
Aiming: Sandblast (safe; 3% risk of failure)
Press: ? - help, Q - select action, (/) - cycle Shift-Dir - straight line, f/p - gnoll
Aim: a gnoll, wielding a +0 halberd (heavily wounded, 84% to hit)
The blast of sand hits the gnoll.
The gnoll is almost dead.
The gnoll hits you from afar with a +0 halberd!
The gnoll closely misses you. The gnoll hits you with a +0 halberd!
* * * LOW HITPOINT WARNING * * *
You hit the gnoll but do no damage.
The gnoll is almost dead.
The gnoll hits you with a +0 halberd!
Ouch! That really hurt!
You die...

#.##.#.# #####.##
#.##.#†# #.#
#.##.#.# #.#
#.##.#.. ..
#.##.... #.##.###
#.##.# #
#.##.##########.#
#......)...g@...#
###############.#
#


You could see a gnoll.

Vanquished Creatures
  3 gnolls
  3 adders (D:2)
  A dart slug (D:1)
  8 ball pythons
  2 bats (D:1)
  6 endoplasms
  A giant cockroach (D:1)
  2 hobgoblins
  2 frilled lizards
  2 goblins
  2 kobolds
  4 rats
36 creatures vanquished.

Notes
Turn   | Place    | Note
-------+----------+-------------------------------------------
     0 | D:1      | arthad the Gargoyle Earth Elementalist began the quest for
                  | the Orb.
     0 | D:1      | Reached XP level 1. HP: 10/10 MP: 3/3
   315 | D:1      | Reached skill level 4 in Earth Magic
   318 | D:1      | Learned a level 1 spell: Foxfire
   381 | D:1      | Reached XP level 2. HP: 15/15 MP: 3/5
   452 | D:1      | Found Lyhef's Antique Armour Shop.
   756 | D:1      | Reached XP level 3. HP: 19/19 MP: 3/6
   760 | D:1      | Learned a level 3 spell: Stone Arrow
  1278 | D:2      | Reached skill level 1 in Transmutations
  1370 | D:2      | Reached skill level 1 in Conjurations
  1370 | D:2      | Reached skill level 1 in Fire Magic
  1453 | D:2      | Reached XP level 4. HP: 24/24 MP: 4/7
  1842 | D:3      | Mangled by a gnoll

Illustrated notes

Levels and vault maps discovered:
D:1:      lightli_arrival_statue_moat, layout_basic, serial_shops, shop,
          minmay_cupped
D:2:      wander_river, layout_rooms
D:3:      layout_basic, nicolae_overflow_quartered_altars, lemuel_crystal_altar

Skill      XL: |  1  2  3  4 |
---------------+-------------+-----
Earth Magic    | 4 |  4.3
Transmutations | 1 |  1.0
Conjurations   | 1 |  1.2
Fire Magic     | 1 |  1.1
Dodging        | 2 |  2.0
Fighting       | |  0.5
Stealth        | |  2.8
Spellcasting   | |  2.6

Action                   |  1- 3 |  4- 6 || total
-------------------------+-------+-------++-------
Melee: Unarmed           |       |     1 ||     1
 Cast: Sandblast         |    40 |    16 ||    56
Armor: Robe              |     3 |     2 ||     5
Dodge: Dodged            |     8 |     3 ||    11

Table legend: (Time is in decaauts)
 A = Elapsed time spent in this place.
 B = Non-inter-level travel time spent in this place.
 C = Inter-level travel time spent in this place.
 D = Time resting spent in this place.
 E = Time spent auto-exploring this place.
 F = Levels seen in this place.
 G = Mean time per level.
                   A        B        C        D        E       F      G
               +--------+--------+--------+--------+--------+-----+--------+
         Total |   1896 |   1849 |     47 |      0 |   1657 |   3 |  632.0 |
       Dungeon |   1896 |   1849 |     47 |      0 |   1657 |   3 |  632.0 |
               +--------+--------+--------+--------+--------+-----+--------+

Top non-repeatable levels by time:
     D:1: 1105 daAuts
     D:2: 723 daAuts
     D:3: 67 daAuts
